Map: Fortezza segreta

Players

maxver

  • Race: Zerg Zerg
  • Spawn Location: 6:00

Vezuvi

  • Race: Protoss Protoss
  • Spawn Location: 5:00

INQUISITION

  • Race: Protoss Protoss
  • Spawn Location: 7:00

nŕŧĦfscħ

  • Race: Terran Terran
  • Spawn Location: 6:00

Brahman

  • Race: Terran Terran
  • Spawn Location: 12:00

Jhyrachy

  • Race: Terran Terran
  • League: Silver
  • Spawn Location: 3:00

LooNeY

  • Race: Terran Terran
  • Spawn Location: 12:00

Novo

  • Race: Zerg Zerg
  • Spawn Location: 9:00

VOD

Have the link to the VOD?

Description

Time

  • Played on: March 26, 2016, 5:10 p.m.
  • Length: 14:32
Show
View Real Time Build Order
Export as new Build Order

maxver Zerg 

Build Orders: Hatch First 

Get SALT Encoding   

  12  0:02  Drone  
  13  0:12  Drone  
  14  0:19  Overlord  
  14  0:30  Extractor, Drone  
  14  0:31  Extractor, Drone  
  15  1:04  Hatchery  
  14  1:18  Spawning Pool  
  14  1:24  Drone x3  
  16  1:37  Drone  
  17  1:49  Drone  
  18  2:10  Extractor  
  18  2:11  Drone  
  18  2:12  Drone  
  18  2:13  Queen  
  21  2:17  Drone  
  21  2:18  Queen  
  24  2:24  Drone  
  25  2:34  Drone  
  25  2:37  Overlord  
  26  2:45  Drone x2  
  28  2:53  Lair  
  28  2:59  Spore Crawler  
  28  3:01  Drone x2  
  28  3:03  Drone  
  30  3:09  Drone x2  
  32  3:18  Spore Crawler  
  31  3:23  Drone x3  
  31  3:26  Extractor  
  33  3:27  Extractor  
  33  3:28  Drone  
  33  3:31  Drone  
  34  4:05  Spire  
  34  4:07  Overlord x2  
  33  4:10  Drone  
  33  4:11  Drone x2  
  36  4:29  Overlord  
  36  4:34  Overlord  
  36  4:48  Drone  
  36  4:49  Drone  
  36  4:50  Drone x2  
  36  4:51  Drone  
  41  5:16  Mutalisk x6  
  41  5:17  Mutalisk  
  55  5:25  Mutalisk x3  
  61  5:33  Mutalisk x2  
  65  5:38  Mutalisk  
  67  5:44  Overlord  
  67  6:02  Mutalisk x4  
  75  6:06  Overlord  
  75  6:07  Overlord  
  75  6:26  Mutalisk  
  75  6:27  Mutalisk x2  
  75  6:31  Overseer  
  81  6:33  Overlord  
  81  6:34  Overlord  
  81  6:56  Mutalisk  
  81  6:57  Mutalisk x2  
  87  7:07  Hatchery  
  86  7:28  Pneumatized Carapace  
  86  8:23  Metabolic Boost  
  86  8:40  Mutalisk x5  
  86  8:41  Mutalisk x4  
  104  9:03  Infestation Pit  
  91  9:27  Drone x3  
  91  9:31  Drone x5  
  97  9:32  Drone x3  
  97  9:38  Burrow  
  102  9:40  Pathogen Glands  
  102  10:20  Zergling x2  
  102  10:21  Zergling x6  
  106  10:22  Overlord  
  106  10:23  Overlord x6  
  106  10:41  Infestor  
  106  10:42  Infestor x5  
  118  10:44  Queen  
  72  11:05  Infestor  
  72  11:06  Infestor  
  72  11:08  Zergling x16  
  80  11:11  Extractor  
  80  11:14  Extractor  
  78  11:24  Spine Crawler  
  78  11:25  Spine Crawler  
  76  11:30  Zergling x2  
  76  11:31  Zergling x16  
  85  11:53  Zergling x22  
  96  12:35  Infestor x8  
  96  12:36  Infestor x2  
  96  12:37  Infestor x5  
  97  12:38  Zergling x2  
  97  12:39  Zergling x8  
  93  13:20  Zergling x2  
  93  13:21  Zergling x36  
  105  13:44  Zergling x8  
  105  13:45  Zergling x4  
Show
View Real Time Build Order
Export as new Build Order

Vezuvi Protoss 

Build Orders:  

Get SALT Encoding   

  12  0:01  Probe (Chrono Boost)  
  13  0:11  Probe (Chrono Boost)  
  14  0:27  Pylon  
  14  0:30  Probe (Chrono Boost)  
  15  0:45  Probe (Chrono Boost)  
  15  0:46  Forge  
  16  0:51  Pylon  
  16  0:56  Probe (Chrono Boost)  
  17  1:01  Assimilator  
  17  1:06  Probe (Chrono Boost)  
  18  1:12  Gateway  
  18  1:24  Photon Cannon  
  18  1:28  Pylon  
  18  1:31  Probe (Chrono Boost)  
  19  1:41  Probe (Chrono Boost)  
  20  1:47  Gateway  
  20  2:02  Photon Cannon, Zealot  
  20  2:03  Probe (Chrono Boost)  
  23  2:13  Probe (Chrono Boost)  
  23  2:14  Assimilator  
  24  2:24  Probe (Chrono Boost), Pylon  
  25  2:34  Cybernetics Core  
  25  2:36  Zealot  
  27  2:42  Zealot  
  29  2:46  Probe (Chrono Boost)  
  30  3:14  Nexus  
  30  3:21  Probe (Chrono Boost)  
  30  3:23  Stalker  
  33  3:30  Protoss Ground Weapons Level 1  
  33  3:33  Probe (Chrono Boost)  
  34  3:41  Warp Gate  
  34  3:48  Stalker  
  36  3:51  Probe (Chrono Boost)  
  37  4:02  Probe (Chrono Boost)  
  38  4:07  Stalker  
  40  4:12  Probe (Chrono Boost)  
  41  4:23  Probe (Chrono Boost)  
  42  4:32  Nexus  
  42  4:34  Probe x2 (Chrono Boost)  
  44  4:40  Stalker  
  44  4:45  Stalker  
  48  4:47  Probe (Chrono Boost)  
  48  4:52  Probe (Chrono Boost)  
  50  4:58  Probe (Chrono Boost)  
  51  5:00  Assimilator  
  51  5:02  Assimilator, Probe (Chrono Boost)  
  52  5:08  Probe (Chrono Boost)  
  52  5:13  Probe (Chrono Boost)  
  54  5:19  Probe (Chrono Boost), Stalker  
  57  5:21  Pylon, Stalker  
  57  5:23  Probe (Chrono Boost)  
  60  5:30  Probe (Chrono Boost)  
  60  5:33  Pylon  
  61  5:36  Probe (Chrono Boost), Pylon  
  61  5:40  Probe (Chrono Boost)  
  61  5:41  Pylon  
  63  5:47  Probe (Chrono Boost)  
  65  5:50  Probe (Chrono Boost)  
  65  5:51  Probe (Chrono Boost)  
  65  5:54  Assimilator  
  66  5:58  Assimilator, Probe (Chrono Boost)  
  66  6:00  Probe (Chrono Boost)  
  66  6:01  Probe (Chrono Boost)  
  66  6:03  Twilight Council  
  69  6:06  Gateway  
  69  6:08  Probe (Chrono Boost)  
  69  6:09  Gateway, Pylon  
  70  6:16  Robotics Facility  
  70  6:18  Probe x2 (Chrono Boost)  
  72  6:19  Probe (Chrono Boost)  
  73  6:28  Probe x2 (Chrono Boost)  
  75  6:34  Forge  
  75  6:37  Pylon  
  75  6:40  Pylon  
  75  7:01  Dark Shrine  
  75  7:03  Observer  
  75  7:08  Stalker x2  
  80  7:09  Stalker  
  80  7:13  Stalker  
  84  7:23  Immortal  
  88  7:45  Stargate  
  88  7:46  Protoss Ground Weapons Level 2 (Chrono Boost)  
  88  7:51  Protoss Ground Armor Level 1 (Chrono Boost)  
  88  7:55  Stalker x2  
  88  7:56  Stalker x2  
  96  7:59  Immortal  
  57  8:28  Dark Templar x2  
  57  8:29  Dark Templar x2  
  57  8:33  Phoenix (Chrono Boost)  
  61  8:38  Immortal  
  67  8:55  Phoenix (Chrono Boost)  
  67  9:02  Dark Templar x3  
  73  9:03  Dark Templar  
  75  9:17  Phoenix (Chrono Boost)  
  75  9:39  Phoenix (Chrono Boost)  
  75  9:41  Dark Templar x4  
  75  9:43  Immortal  
  89  9:54  Nexus  
  89  10:23  Immortal  
  91  11:02  Immortal  
  80  13:21  Stalker x4  
Show
View Real Time Build Order
Export as new Build Order

INQUISITION Protoss 

Build Orders: Nexus First 

Get SALT Encoding   

  12  0:08  Probe (Chrono Boost)  
  13  0:19  Probe (Chrono Boost)  
  14  0:29  Probe (Chrono Boost)  
  15  0:45  Pylon  
  15  1:03  Probe (Chrono Boost)  
  16  1:04  Nexus  
  16  1:13  Pylon  
  16  1:14  Probe (Chrono Boost)  
  17  1:24  Probe (Chrono Boost)  
  18  1:29  Forge  
  18  1:51  Gateway  
  18  1:57  Probe (Chrono Boost)  
  19  2:05  Photon Cannon  
  19  2:07  Probe (Chrono Boost)  
  20  2:09  Photon Cannon  
  20  2:18  Probe (Chrono Boost)  
  21  2:25  Assimilator  
  21  2:28  Pylon  
  21  2:30  Assimilator  
  21  2:31  Probe (Chrono Boost)  
  22  2:40  Probe (Chrono Boost)  
  22  2:41  Probe (Chrono Boost)  
  25  2:51  Probe (Chrono Boost)  
  25  2:52  Probe (Chrono Boost)  
  25  2:55  Pylon  
  26  2:58  Cybernetics Core  
  26  3:02  Probe (Chrono Boost)  
  26  3:03  Probe (Chrono Boost)  
  28  3:07  Photon Cannon  
  28  3:12  Probe (Chrono Boost)  
  29  3:13  Probe (Chrono Boost)  
  30  3:23  Assimilator  
  30  3:24  Probe (Chrono Boost)  
  30  3:26  Assimilator  
  31  3:31  Probe (Chrono Boost)  
  31  3:33  Photon Cannon  
  32  3:35  Probe (Chrono Boost)  
  34  3:41  Probe (Chrono Boost)  
  34  3:45  Probe (Chrono Boost), Photon Cannon  
  35  3:48  Pylon  
  35  3:52  Probe (Chrono Boost)  
  35  3:55  Stargate  
  36  3:56  Probe (Chrono Boost)  
  37  4:04  Probe (Chrono Boost)  
  37  4:07  Pylon, Mothership Core (Chrono Boost)  
  37  4:09  Pylon  
  40  4:15  Probe (Chrono Boost)  
  41  4:38  Void Ray (Chrono Boost)  
  45  4:44  Fleet Beacon  
  45  4:52  Pylon  
  45  4:55  Pylon  
  45  4:59  Pylon  
  45  5:07  Photon Cannon  
  45  5:10  Photon Cannon  
  45  5:14  Stargate  
  45  5:18  Stargate  
  45  5:23  Photon Cannon  
  45  5:27  Photon Cannon  
  49  5:28  Tempest (Chrono Boost)  
  49  5:31  Photon Cannon  
  49  5:42  Assimilator  
  49  5:45  Probe  
  50  5:57  Probe  
  55  6:08  Tempest x2 (Chrono Boost)  
  55  6:10  Probe  
  60  6:22  Probe  
  65  6:28  Tempest (Chrono Boost)  
  65  6:34  Probe  
  66  6:45  Tempest (Chrono Boost)  
  70  7:05  Nexus  
  70  7:07  Pylon  
  70  7:09  Pylon  
  70  7:13  Pylon  
  76  7:16  Assimilator  
  76  7:20  Assimilator  
  76  7:23  Tempest (Chrono Boost)  
  76  7:25  Probe  
  76  7:26  Probe  
  82  7:36  Photon Cannon  
  82  7:37  Probe, Photon Cannon  
  82  7:38  Probe, Photon Cannon  
  82  7:39  Photon Cannon  
  82  7:42  Photon Cannon  
  84  7:47  Probe  
  84  7:50  Probe  
  90  7:59  Tempest (Chrono Boost)  
  90  8:07  Tempest (Chrono Boost)  
  94  8:17  Probe  
  99  8:21  Tempest (Chrono Boost)  
  99  8:27  Probe  
  100  8:38  Probe  
  97  9:06  Protoss Shields Level 1  
  97  9:15  Tempest x2 (Chrono Boost)  
  109  9:18  Protoss Air Weapons Level 1 (Chrono Boost), Tempest (Chrono Boost)  
  109  9:47  Probe  
  109  9:49  Tempest  
  110  9:55  Tempest  
  110  9:58  Tempest  
  110  9:59  Probe  
  123  10:11  Probe  
  116  10:23  Probe  
  117  10:30  Carrier (Chrono Boost)  
  117  10:38  Carrier (Chrono Boost)  
  117  10:41  Graviton Catapult  
  135  10:45  Carrier (Chrono Boost)  
  135  10:48  Stargate  
  135  10:50  Stargate  
  135  10:55  Pylon  
  135  10:56  Protoss Air Armor Level 1 (Chrono Boost)  
  135  10:57  Pylon  
  135  11:32  Carrier (Chrono Boost)  
  147  11:45  Carrier (Chrono Boost)  
  153  12:07  Carrier (Chrono Boost)  
  153  12:13  Carrier (Chrono Boost)  
  165  12:22  Pylon  
  165  12:23  Pylon  
  165  12:24  Carrier (Chrono Boost)  
  165  12:28  Pylon  
  165  13:17  Carrier (Chrono Boost)  
Show
View Real Time Build Order
Export as new Build Order

nŕŧĦfscħ Terran 

Build Orders: Bio Tank 

Get SALT Encoding   

  12  0:03  SCV  
  13  0:15  SCV  
  14  0:26  Supply Depot  
  14  0:27  SCV  
  15  0:36  Refinery  
  15  0:48  SCV  
  16  0:50  Barracks  
  16  1:00  SCV  
  17  1:04  Refinery  
  17  1:12  SCV  
  17  1:14  Barracks  
  18  1:24  SCV  
  20  1:40  Factory  
  19  1:47  Orbital Command  
  19  2:02  Barracks Tech Lab  
  19  2:11  Supply Depot  
  19  2:13  SCV  
  20  2:16  Marine  
  21  2:23  Factory Tech Lab  
  21  2:26  SCV  
  22  2:41  Siege Tank  
  25  2:56  Supply Depot  
  25  3:05  Stimpack  
  25  3:08  Command Center  
  25  3:15  SCV  
  26  3:37  Command Center  
  26  3:40  SCV  
  27  3:42  Barracks Reactor  
  27  3:50  Siege Tank  
  30  3:57  SCV  
  31  4:04  Supply Depot  
  31  4:16  SCV  
  32  4:20  Orbital Command  
  32  4:22  Refinery  
  32  4:28  Engineering Bay  
  32  4:31  SCV  
  32  4:37  Refinery  
  33  4:53  Factory  
  33  4:54  Factory  
  33  5:03  Orbital Command  
  33  5:06  SCV  
  34  5:10  SCV  
  35  5:18  SCV  
  36  5:30  Terran Infantry Weapons Level 1  
  36  5:33  Engineering Bay  
  36  5:35  Missile Turret  
  36  5:40  Missile Turret  
  36  5:43  Missile Turret  
  36  5:49  Factory Tech Lab x2  
  36  6:01  SCV  
  36  6:02  SCV x2  
  36  6:03  Refinery  
  39  6:07  Marine x2  
  39  6:10  Terran Infantry Armor Level 1  
  41  6:14  Armory, SCV x3  
  44  6:26  SCV x2  
  44  6:27  Barracks  
  44  6:29  Barracks  
  46  6:36  Barracks  
  46  6:40  Barracks  
  46  6:43  Marine  
  46  6:44  Marine x2, Combat Shields  
  48  7:03  Terran Vehicle Weapons Level 1  
  48  7:06  SCV x3  
  51  7:18  SCV x3  
  51  7:22  Barracks Reactor x2  
  54  7:24  Terran Infantry Weapons Level 2  
  54  7:34  Barracks  
  54  7:35  Barracks  
  54  7:36  Barracks x2  
  54  7:37  Barracks  
  54  7:39  Missile Turret  
  54  7:42  Missile Turret  
  54  7:46  Missile Turret  
  54  7:49  Supply Depot  
  54  7:50  Missile Turret, Supply Depot  
  54  7:54  Supply Depot  
  54  7:59  Barracks Reactor  
  54  8:00  Barracks Reactor  
  54  8:02  Starport  
  54  8:05  Marine x7  
  61  8:23  Barracks Reactor x4  
  61  8:24  Barracks Reactor, Marine x6  
  67  8:41  Marine x5  
  67  8:42  Terran Infantry Armor Level 2  
  67  8:44  Starport Reactor  
  72  8:51  Marine x6  
  78  8:59  Marine  
  67  9:20  Siege Tank x3  
  76  9:52  Siege Tank x3  
  85  9:54  Terran Infantry Weapons Level 3  
  85  9:55  Terran Vehicle Weapons Level 2  
  85  10:05  Marine x16  
  101  10:14  Supply Depot  
  101  10:15  Supply Depot  
  101  10:17  Supply Depot x2  
  101  10:18  Supply Depot  
  101  10:24  Marine  
  101  10:25  Marine  
  101  10:26  Marine x2  
  101  10:27  Siege Tank  
  101  10:28  Marine  
  100  10:41  Supply Depot  
  100  10:45  Supply Depot  
  83  11:02  Thor  
  83  11:03  Thor x2  
  83  11:45  Thor  
  70  12:19  Marine x17  
  70  12:20  Marine x4  
  91  12:36  Marine  
  91  12:37  Marine x20  
  112  12:50  Hi-Sec Auto Tracking  
  112  12:54  Marine x2  
  112  12:55  Marine x4  
  118  13:05  Supply Depot  
  118  13:06  Command Center, Supply Depot  
  118  13:08  Missile Turret  
  118  13:09  Supply Depot  
  118  13:12  Supply Depot  
  118  13:13  Missile Turret  
  118  13:14  Missile Turret  
  118  13:15  Missile Turret  
  118  13:16  Missile Turret  
  118  13:28  Sensor Tower  
  118  13:48  Missile Turret  
Show
View Real Time Build Order
Export as new Build Order

Brahman Terran 

Build Orders: Command Center First (CC), MMM Bio 

Get SALT Encoding   

  12  0:02  SCV  
  13  0:14  SCV  
  14  0:26  SCV  
  15  0:32  Supply Depot  
  15  0:58  Command Center, SCV  
  16  1:15  SCV  
  16  1:16  Barracks  
  17  1:27  SCV  
  18  1:33  Supply Depot  
  18  1:39  SCV  
  19  1:53  Barracks  
  19  1:57  Barracks  
  19  2:07  Refinery  
  19  2:18  Orbital Command  
  19  2:24  Refinery  
  19  2:30  Orbital Command  
  19  2:35  Marine  
  20  2:47  Barracks  
  20  2:56  SCV  
  21  3:00  SCV  
  21  3:02  Marine x2  
  21  3:03  Marine  
  25  3:12  Barracks  
  25  3:14  SCV  
  25  3:17  Refinery  
  25  3:19  Refinery, SCV  
  27  3:26  SCV  
  28  3:29  Barracks Tech Lab  
  28  3:31  Barracks Reactor  
  28  3:35  Barracks Reactor  
  28  3:39  Supply Depot x2  
  28  3:47  Supply Depot  
  28  3:49  Barracks Reactor  
  28  3:51  Stimpack  
  28  3:59  SCV  
  28  4:00  SCV  
  30  4:12  Marine x2, Barracks Tech Lab  
  30  4:13  Marine, SCV  
  30  4:14  Marine  
  30  4:15  Marauder  
  37  4:24  Factory  
  37  4:35  Command Center  
  37  4:37  SCV  
  38  4:41  SCV  
  39  4:46  Combat Shields  
  39  4:49  SCV  
  40  4:53  Marauder, SCV  
  40  4:56  Marauder  
  45  5:00  Marine x2  
  45  5:03  Marine x2  
  45  5:06  SCV  
  50  5:08  SCV  
  51  5:17  Starport  
  51  5:19  Starport  
  51  5:21  Factory Reactor  
  51  5:28  Supply Depot  
  51  5:31  Supply Depot  
  51  5:35  Supply Depot, SCV  
  52  5:38  SCV  
  53  5:47  Orbital Command, SCV  
  54  5:50  SCV  
  54  5:52  Concussive Shells, Marauder  
  57  5:59  SCV  
  57  6:00  Starport Reactor  
  57  6:02  SCV, Starport Reactor  
  59  6:08  Refinery, Marauder  
  59  6:09  Marine x2  
  59  6:10  Refinery, Marine  
  64  6:12  Marine  
  64  6:13  Marauder  
  64  6:14  Marine x2  
  69  6:25  SCV  
  70  6:26  Marine  
  70  6:27  Marine  
  70  6:28  Marine x2, SCV  
  70  6:30  Marine  
  76  6:40  Medivac x2  
  76  6:41  Medivac x2  
  76  6:43  Marine  
  76  6:44  Marauder, Marine  
  88  6:52  Engineering Bay  
  88  6:54  Engineering Bay  
  88  7:13  SCV  
  88  7:14  Armory  
  89  7:20  Armory  
  89  7:21  Armory  
  89  7:23  Starport  
  89  7:24  Medivac x2  
  88  8:08  Supply Depot  
  88  8:09  Supply Depot  
  80  8:20  Starport Reactor  
  80  8:22  Terran Infantry Weapons Level 1, Terran Infantry Armor Level 1  
  80  8:24  Terran Vehicle Weapons Level 1, Terran Vehicle And Ship Armor Level 1  
  80  8:25  Terran Ship Weapons Level 1  
  80  8:26  Medivac x3  
  85  8:28  Marine  
  85  8:30  Marine x2  
  85  8:32  Marauder  
  85  8:33  Marauder, Marine  
  85  8:34  Marine  
  85  8:48  Marine x2  
  72  8:49  Viking  
  72  8:54  Marauder x2  
  80  8:56  Viking  
  82  9:06  Marine x2  
  81  9:11  Viking x4  
  81  9:13  Marine  
  81  9:15  Marauder  
  92  9:18  SCV x2  
  92  9:24  Marine x3  
  94  9:26  Marauder  
  94  9:27  Marine x2  
  94  9:30  SCV x2  
  103  9:31  Marine, Viking  
  103  9:32  Viking  
  108  9:41  Marine x2  
  108  9:44  Command Center  
  108  9:45  Marine x2  
  112  10:02  Missile Turret  
  112  10:03  Missile Turret x2  
  112  10:06  Marine x2  
  114  10:07  Marine x2  
  114  10:08  Marine x2  
  114  10:09  Marauder  
  114  10:10  Marauder  
  114  10:11  Viking  
  124  10:23  Viking  
  124  10:24  Marine x2, Medivac  
  124  10:25  Marine  
  124  10:26  Marine x3, Medivac  
  111  10:31  Marauder  
  103  10:38  Terran Infantry Armor Level 2  
  103  10:39  Terran Infantry Weapons Level 2  
  103  10:41  Marine  
  100  10:43  Marine x2  
  100  10:44  Marine x2  
  102  10:52  Marauder  
  86  11:00  Marine  
  86  11:01  Marine  
  78  11:08  Marauder, Marine x2  
  78  11:10  Marine x2  
  84  11:14  Marauder  
  86  11:18  Marine  
  86  11:19  Marine  
  84  11:26  Marine x2  
  84  11:29  Marauder  
  68  11:44  Marine x2  
  69  11:50  Marauder  
  69  11:56  SCV  
  55  12:02  Marine x2  
  42  12:12  Marauder  
  40  12:24  Marine x2  
  40  12:26  Viking  
  40  12:27  Viking  
  48  12:32  Viking  
  48  12:33  Marauder  
  49  12:41  Marine  
  34  12:54  Marine  
  18  13:27  Orbital Command  
  18  13:34  Barracks Reactor  
  18  14:01  SCV  
  19  14:04  Barracks Reactor  
  17  14:13  SCV  
Show
View Real Time Build Order
Export as new Build Order

Jhyrachy Terran 

Build Orders:  

Get SALT Encoding   

  12  0:03  SCV  
  13  0:15  SCV  
  14  0:26  Supply Depot  
  14  0:27  SCV  
  15  0:47  SCV  
  15  0:48  Refinery  
  16  0:51  Barracks  
  16  1:00  SCV  
  17  1:12  SCV  
  18  1:24  SCV  
  19  1:28  Refinery  
  19  1:36  SCV  
  20  1:48  SCV  
  20  1:53  Supply Depot  
  21  2:04  Command Center  
  21  2:05  Marine  
  22  2:10  Orbital Command  
  22  2:23  Marine  
  23  2:35  Factory  
  23  2:54  Supply Depot  
  23  3:13  SCV  
  23  3:17  Orbital Command  
  24  3:21  Refinery  
  24  3:25  SCV  
  25  3:35  Starport  
  25  3:40  Starport  
  25  3:55  SCV  
  25  3:56  SCV  
  27  4:08  SCV x2  
  29  4:20  SCV x2  
  29  4:23  Starport Reactor  
  31  4:25  Starport Reactor  
  31  4:32  SCV x2  
  33  4:42  Refinery  
  33  4:44  SCV x2  
  35  4:51  Liberator x2, Factory Tech Lab  
  35  4:55  Liberator x2  
  35  4:56  SCV x2  
  37  5:08  SCV x2  
  51  5:28  Command Center  
  51  5:43  Armory  
  51  5:53  SCV  
  51  5:54  SCV  
  53  6:05  SCV  
  54  6:13  Supply Depot  
  54  6:31  Armory  
  54  6:34  SCV  
  54  6:36  Supply Depot  
  54  6:37  Terran Ship Weapons Level 1  
  55  6:50  Fusion Core  
  55  6:52  Orbital Command  
  55  6:55  SCV  
  55  6:59  Supply Depot  
  56  7:27  Liberator x2  
  56  7:40  Advanced Ballistics  
  56  7:49  Supply Depot  
  62  8:10  Liberator x2  
  62  8:13  Supply Depot  
  56  8:52  Liberator  
  56  8:53  Liberator  
  56  8:56  Terran Ship Weapons Level 2  
  56  9:01  Terran Vehicle And Ship Armor Level 1  
  55  9:10  Orbital Command  
  55  9:12  Liberator x2  
  67  9:38  Liberator x2  
  67  9:54  Liberator  
  67  9:58  Refinery  
  67  9:59  Refinery  
  76  10:51  Command Center  
  75  11:04  Liberator x4  
Show
View Real Time Build Order
Export as new Build Order

LooNeY Terran 

Build Orders: MMM Bio 

Get SALT Encoding   

  12  0:01  SCV  
  13  0:13  SCV  
  14  0:19  Supply Depot  
  14  0:25  SCV  
  15  0:30  Refinery  
  15  0:41  SCV  
  16  0:46  Barracks  
  16  0:53  SCV  
  17  1:05  SCV  
  17  1:11  Supply Depot  
  18  1:17  SCV  
  19  1:22  Barracks  
  19  1:29  SCV  
  20  1:33  Reaper  
  21  1:42  Orbital Command  
  21  1:49  Refinery  
  21  2:05  Reaper  
  22  2:08  SCV  
  23  2:16  Barracks Tech Lab  
  22  2:32  Command Center  
  22  2:37  Stimpack  
  22  2:38  Barracks Reactor  
  22  2:45  SCV  
  22  2:51  Barracks  
  23  2:58  SCV  
  23  3:00  Engineering Bay  
  23  3:05  Marine  
  24  3:18  SCV  
  25  3:23  Marine  
  25  3:25  Marine x2  
  28  3:28  Terran Infantry Weapons Level 1  
  28  3:30  SCV  
  29  3:37  Supply Depot  
  29  3:38  Barracks Reactor  
  29  3:43  SCV  
  30  3:49  Orbital Command  
  30  3:53  Marine x2  
  30  3:55  SCV  
  33  3:57  Marine  
  33  4:01  Supply Depot  
  34  4:07  SCV  
  35  4:11  Marine x2  
  35  4:14  Marine  
  38  4:18  Orbital Command  
  38  4:25  SCV  
  38  4:30  Marine x2  
  38  4:31  Marine  
  42  4:32  Marine  
  42  4:37  SCV, Combat Shields  
  44  4:42  Factory  
  44  4:45  SCV  
  45  4:49  SCV  
  46  4:57  SCV  
  47  5:01  SCV  
  47  5:04  Marine x5  
  53  5:09  SCV  
  54  5:15  SCV  
  56  5:21  Marine, SCV  
  56  5:22  Terran Infantry Armor Level 1, Marine x4  
  56  5:27  SCV, Supply Depot  
  62  5:30  Armory  
  62  5:34  Factory Reactor  
  62  5:35  Starport  
  62  5:48  Refinery, Marine x2  
  62  5:49  SCV x2  
  66  5:50  Refinery  
  66  5:52  Marine x3  
  69  5:59  Supply Depot  
  69  6:01  SCV  
  70  6:13  Engineering Bay  
  70  6:20  Marine, SCV  
  70  6:21  Terran Ship Weapons Level 1  
  72  6:33  SCV  
  72  6:35  SCV  
  74  6:45  Concussive Shells  
  74  6:47  SCV  
  74  6:48  Terran Infantry Weapons Level 2  
  75  6:55  Missile Turret, Supply Depot  
  75  6:58  Missile Turret  
  75  7:03  Missile Turret  
  75  7:06  Marine x3  
  78  7:16  Marine x2  
  78  7:17  Missile Turret  
  80  7:25  Missile Turret  
  80  7:32  Missile Turret  
  80  7:35  Missile Turret  
  80  7:38  Missile Turret, Marine x2  
  80  7:39  Marine x3  
  80  7:41  Missile Turret, Factory Reactor  
  80  7:43  Terran Infantry Armor Level 2  
  85  7:45  Missile Turret  
  85  7:46  Supply Depot  
  85  7:51  Missile Turret  
  85  7:55  Missile Turret  
  85  7:56  Marine  
  86  7:58  Missile Turret, Supply Depot  
  86  8:02  Missile Turret  
  86  8:09  Medivac x2  
  90  8:15  Terran Vehicle And Ship Armor Level 1, Supply Depot  
  90  8:17  Supply Depot  
  90  8:20  Marine x5, Supply Depot  
  95  8:29  Widow Mine x2  
  99  8:43  Supply Depot  
  45  9:27  Marine x5  
  50  9:37  Barracks x2  
  50  9:39  Medivac x2  
  50  9:44  Marine  
  50  9:45  Marine x4  
  59  10:02  Marine x2  
  59  10:03  Marine x3  
  64  10:09  Medivac x2  
  68  10:19  Starport  
  68  10:25  Starport  
  68  10:36  Marine  
  68  10:37  Marine x3  
  68  10:40  Barracks Reactor  
  68  10:42  Barracks Reactor  
  72  10:48  Viking x2  
  76  11:11  Marine  
  76  11:12  Marine x4  
  76  11:14  Widow Mine x2  
  66  11:29  Marine x3  
  66  11:30  Marine x2  
  69  11:41  Marine x3  
  69  11:42  Widow Mine, Marine  
  69  11:47  Marine x4, Starport Reactor  
  73  11:48  Marine, Starport Reactor  
  78  12:07  Marine x5  
  78  12:08  Marine x4  
  87  12:15  Widow Mine  
  87  12:16  Widow Mine  
  91  12:25  Marine x4  
  80  12:59  Marine x4  
  80  13:00  Marine x5  
  85  13:17  Marine  
  86  13:24  Marine x3  
  86  13:25  Marine x5  
  94  13:30  Viking x6  
  106  13:43  Marine  
  106  13:44  Marauder  
  93  14:00  Viking x2  
  97  14:05  Marauder  
Show
View Real Time Build Order
Export as new Build Order

Novo Zerg 

Build Orders: Hatch First 

Get SALT Encoding   

  12  0:01  Drone  
  13  0:13  Overlord  
  13  0:21  Drone  
  14  0:31  Drone x2  
  14  0:35  Drone  
  17  0:46  Drone  
  18  1:00  Drone  
  18  1:01  Hatchery  
  18  1:09  Extractor  
  18  1:10  Drone  
  18  1:22  Spawning Pool  
  17  1:27  Drone  
  17  1:29  Drone  
  19  1:40  Drone  
  20  1:51  Overlord  
  21  2:01  Drone  
  21  2:07  Extractor  
  20  2:10  Queen  
  20  2:12  Drone  
  23  2:17  Queen  
  23  2:20  Drone  
  26  2:28  Drone x2  
  28  2:44  Roach Warren  
  27  2:47  Drone  
  27  2:49  Lair  
  28  3:07  Evolution Chamber x2  
  28  3:08  Drone x2  
  28  3:09  Drone x3  
  28  3:10  Drone  
  32  3:19  Overlord  
  32  3:24  Roach  
  34  3:42  Zerg Missile Weapons Level 1  
  34  3:43  Zerg Ground Armor Level 1  
  34  3:47  Roach x2  
  38  3:48  Roach  
  38  3:51  Roach  
  42  3:56  Glial Reconstitution  
  42  3:58  Overseer  
  42  4:07  Extractor  
  42  4:09  Extractor  
  40  4:15  Pneumatized Carapace  
  40  4:17  Drone  
  40  4:18  Drone x3  
  40  4:21  Overlord  
  44  4:40  Drone x2  
  44  4:41  Drone x3  
  44  4:42  Drone  
  44  4:43  Overlord  
  44  4:45  Drone  
  51  4:48  Drone  
  52  5:05  Hydralisk Den  
  51  5:22  Overlord  
  51  5:23  Drone x4  
  51  5:24  Drone  
  56  5:38  Hatchery  
  55  5:47  Zerg Missile Weapons Level 2  
  55  5:48  Zerg Ground Armor Level 2  
  55  5:51  Muscular Augments  
  55  5:55  Drone x2  
  55  5:56  Drone  
  58  6:15  Overlord x3  
  58  6:17  Overlord x2  
  58  6:19  Drone x3  
  58  6:20  Drone x4  
  65  6:31  Drone  
  65  6:32  Hydralisk  
  68  6:39  Extractor  
  67  6:40  Extractor  
  67  6:45  Infestation Pit  
  65  7:03  Hydralisk x4  
  65  7:04  Hydralisk x4  
  65  7:06  Drone  
  65  7:07  Roach  
  84  7:23  Hive  
  84  7:24  Hydralisk x3  
  84  7:25  Hydralisk x2  
  84  7:28  Roach  
  96  7:46  Roach  
  96  7:47  Roach x8  
  96  7:48  Overlord  
  114  8:04  Overlord  
  114  8:05  Overlord x2  
  114  8:16  Spore Crawler x3  
  114  8:17  Spore Crawler, Overlord x4  
  110  8:39  Overlord x2, Hydralisk x3  
  110  8:40  Hydralisk x3  
  122  8:53  Spore Crawler  
  122  8:55  Spore Crawler x2  
  120  8:56  Spore Crawler  
  118  9:08  Drone  
  118  9:09  Drone x4  
  123  9:10  Drone x3  
  126  9:32  Zerg Missile Weapons Level 3  
  126  9:33  Zerg Ground Armor Level 3  
  126  9:34  Hydralisk  
  126  9:35  Hydralisk x5  
  138  9:46  Spore Crawler  
  138  9:49  Spore Crawler  
  136  9:54  Spore Crawler  
  136  9:56  Spore Crawler  
  136  9:57  Overseer  
  134  10:01  Overseer x2  
  134  10:03  Overlord  
  134  10:04  Overlord  
  128  10:20  Hydralisk  
  128  10:21  Hydralisk x7  
  135  10:35  Hydralisk x4  
  141  10:53  Hydralisk  
  141  10:54  Hydralisk x5  
  153  11:25  Hydralisk  
  153  11:26  Hydralisk x9  
  173  11:39  Overlord  
  173  11:40  Overlord x2  
  173  11:41  Overlord  
  163  12:52  Hydralisk x5  
  163  12:53  Hydralisk x5  
  183  13:08  Spore Crawler x2  
  183  13:10  Spore Crawler  
  183  13:11  Spore Crawler  
  179  13:16  Spore Crawler  
  179  13:17  Spore Crawler x2  
  176  13:28  Spore Crawler  
  176  13:30  Spore Crawler  
  174  13:45  Hydralisk x10  
  174  13:46  Hydralisk x3  
Tags
 
Add a new tag
Caveats
  • Supply blocks, unpowered buildings, or Contaminate may cause inaccurate times.
  • Supply counts are checked every 10 seconds.